 Dungeon Crawl Stone Soup version 0.29-a0-43-g62a80824bf (webtiles) character file.

Game seed: 14404622767740631166

240 surf the Skirmisher (level 5, -8/49 HPs)
             Began as a Minotaur Berserker on Feb 3, 2022.
             Was a Follower of Trog.
             Mangled by a gnoll (9 damage)
             ... on level 3 of the Dungeon.
             The game lasted 00:10:16 (701 turns).

surf the Skirmisher (Minotaur Berserker)             Turns: 701, Time: 00:10:16

Health: -8/49      AC:  2    Str: 24    XL:     5   Next: 79%
Magic:  4/4        EV: 12    Int:  4    God:    Trog [*.....]
Gold:   5          SH:  0    Dex:  9    Spells: 4/4 levels left

rFire   . . .      SeeInvis .   c - +1 dagger (vamp)
rCold   . . .      Faith    .   (no shield)
rNeg    . . .      Spirit   .   b - +0 animal skin
rPois   .          Reflect  .   (helmet restricted)
rElec   .          Harm     .   (no cloak)
rCorr   .          Rampage  .   (no gloves)
Will    .....                   (no boots)
Stlth   +.........              (no amulet)
HPRegen 0.16/turn               (no ring)
MPRegen 0.09/turn               (no ring)

@: on berserk cooldown, slowed, very slow
A: horns 2, retaliatory headbutt
a: Renounce Religion, Berserk


You were on level 3 of the Dungeon.
You worshipped Trog.
Trog was aware of your devotion.
You visited 1 branch of the dungeon, and saw 3 of its levels.

You collected 5 gold pieces.

Inventory:

Hand Weapons
 a - a +0 mace
 c - a +1 vampiric dagger (weapon)
Missiles
 e - 57 arrows
Armour
 b - a +0 animal skin (worn)
Jewellery
 k - a ring of resist corrosion
Wands
 g - a wand of digging (4)
Scrolls
 d - 3 scrolls of vulnerability {unknown}
 f - a scroll of identify {unknown}
 h - a scroll of fear {unknown}
 j - a scroll of magic mapping {unknown}
Potions
 i - 2 potions of flight {unknown}
 l - a potion of brilliance {unknown}


   Skills:
 + Level 5.6 Fighting
 + Level 1.0 Short Blades
 + Level 5.2 Maces & Flails
 + Level 3.3 Armour
 + Level 3.3 Dodging


You had 4 spell levels left.
You didn't know any spells.
Your spell library was empty.

Dungeon Overview and Level Annotations

Branches:
Dungeon (3/15)

Altars:


Innate Abilities, Weirdness & Mutations

You have a pair of horns on your head.
You reflexively headbutt those who attack you in melee.


Message History

You feel stronger.
You have reached level 5!
g - a wand of digging (4)
Things that are here:
a +0 scythe; a +0 robe; the human corpse of Sigmund
Okay, then.
You feel a strong urge to attack something.
A gnoll comes into view. It is wielding a +0 whip.
You feel your anger nearly subside.
You are no longer berserk.
You are exhausted.
You feel yourself slow down.
The gnoll shouts!
A gnoll comes into view. It is wielding a +0 halberd.
Found a stone staircase leading down.
A gnoll comes into view. It is wielding a +0 flail.
The gnoll shouts!
You barely miss the gnoll.
The gnoll shouts!
You headbutt the gnoll, but do no damage.
The gnoll barely misses you. You furiously retaliate!
You headbutt the gnoll!
You kill the gnoll!
Trog accepts your kill. The gnoll barely misses you. You furiously retaliate!
You headbutt the gnoll!
A quokka comes into view.
You see here a +0 whip.
The gnoll closely misses you. You furiously retaliate!
You headbutt the gnoll. The gnoll hits you but does no damage.
You hit the gnoll.
You feel better.
You kill the gnoll!
Trog accepts your kill.
The gnoll hits you from afar with a +0 halberd!
The gnoll hits you with a +0 halberd.
A bat comes into view.
You see here a +0 whip.
You hit the gnoll.
The gnoll is lightly wounded.
The gnoll hits you with a +0 halberd!
* * * LOW HITPOINT WARNING * * *
The gnoll hits you with a +0 halberd!
You die...

....# #.#.#
#.#.# #.#.#
#b#.# #.#.#
#g#)# #.@.## #
#..####...##.#
#.......#....#
#.....##...##.#
>........)....#
........#.###.#
.......##.# #
#.........#
.....###.<#


You could see a gnoll and a bat.

Vanquished Creatures
  Sigmund (D:3)
  4 adders (D:2)
  2 gnolls (D:3)
  2 dart slugs
  A ball python (D:1)
  3 endoplasms
  3 giant cockroaches
  2 goblins (D:1)
  A hobgoblin (D:2)
  A kobold (D:1)
  A frilled lizard (D:1)
  2 rats (D:1)
23 creatures vanquished.

Notes
Turn   | Place    | Note
-------+----------+-------------------------------------------
     0 | D:1      | surf the Minotaur Berserker began the quest for the Orb.
     0 | D:1      | Reached XP level 1. HP: 19/19 MP: 0/0
   234 | D:1      | Found a faded altar of an unknown god.
   242 | D:1      | Reached XP level 2. HP: 27/27 MP: 1/1
   553 | D:2      | Reached XP level 3. HP: 27/34 MP: 2/2
   665 | D:3      | Noticed Sigmund
   687 | D:3      | Killed Sigmund
   688 | D:3      | Reached skill level 5 in Fighting
   688 | D:3      | Reached skill level 1 in Short Blades
   688 | D:3      | Reached skill level 5 in Maces & Flails
   688 | D:3      | Reached XP level 4. HP: 34/42 MP: 3/3
   688 | D:3      | Reached XP level 5. HP: 39/48 MP: 4/4
   701 | D:3      | HP: 1/49 [gnoll (15)]
   701 | D:3      | Mangled by a gnoll

Illustrated notes

Levels and vault maps discovered:
D:1:      evilmike_arrival_hilbert_curve, layout_basic,
          ebering_ecumenical_altar_mist
D:2:      layout_basic
D:3:      layout_loops_ring, nicolae_overflow_crystal_walls,
          mainiacjoe_overflow_small_starburst, uniq_sigmund

Skill      XL: |  1  2  3 |
---------------+----------+-----
Fighting       | 4 5 |  5.6
Maces & Flails | 4 5 |  5.2
Armour         | 3 |  3.3
Short Blades   | 1 |  1.0
Dodging        | 3 |  3.3

Action                   |  1- 3 |  4- 6 || total
-------------------------+-------+-------++-------
Melee: Mace              |    12 |       ||    12
       Headbutt          |     8 |     1 ||     9
       Dagger            |    32 |     3 ||    35
       Punch             |     1 |       ||     1
Invok: Berserk           |     1 |       ||     1
  Use: Potion            |     1 |       ||     1
Armor: Animal skin       |     9 |     1 ||    10
Dodge: Dodged            |    43 |     3 ||    46

Table legend: (Time is in decaauts)
 A = Elapsed time spent in this place.
 B = Non-inter-level travel time spent in this place.
 C = Inter-level travel time spent in this place.
 D = Time resting spent in this place.
 E = Time spent auto-exploring this place.
 F = Levels seen in this place.
 G = Mean time per level.
                   A        B        C        D        E       F      G
               +--------+--------+--------+--------+--------+-----+--------+
         Total |    703 |    703 |      0 |     25 |      0 |   3 |  234.3 |
       Dungeon |    703 |    703 |      0 |     25 |      0 |   3 |  234.3 |
               +--------+--------+--------+--------+--------+-----+--------+

Top non-repeatable levels by time:
     D:1: 510 daAuts
     D:2: 155 daAuts
     D:3: 36 daAuts
